 Dungeon Crawl Stone Soup version 0.31-a0-960-g0fca184906 (webtiles) character file.

Game seed: 7297363661206291028

1444 p00ps00p the Chopper (level 8, -2/73 HPs)
             Began as a Hill Orc Fighter on Oct 24, 2023.
             Was an Initiate of Gozag.
             Slain by an orc wizard
             ... wielding a +0 dagger
              (3 damage)
             ... on level 6 of the Dungeon.
             The game lasted 00:09:33 (6766 turns).

p00ps00p the Chopper (Hill Orc Fighter)             Turns: 6766, Time: 00:09:33

Health: -2/73      AC: 12    Str: 21    XL:     8   Next: 74%
Magic:  8/8        EV:  8    Int:  8    God:    Gozag
Gold:   463        SH:  5    Dex: 10    Spells: 7/7 levels left

rFire   . . .        a - +1 war axe
rCold   . . .        c - +0 buckler
rNeg    . . .        h - +1 chain mail
rPois   .            (no helmet)
rElec   .            m - +0 cloak
rCorr   .            (no gloves)
SInv    .            (no boots)
Will    .....        (no amulet) Stlth
                     (no ring)
HPRegen 0.32/turn    (no ring)
MPRegen 0.11/turn

%: no passive effects
@: mighty
A: no striking features
a: Renounce Religion, Convert to Beogh, Potion Petition, Call Merchant, Bribe
Branch


You were on level 6 of the Dungeon.
You worshipped Gozag.
Gozag was aware of your devotion.
You visited 2 branches of the dungeon, and saw 7 of its levels.

You collected 506 gold pieces.
You paid 43 gold pieces to Gozag.

Inventory:

Hand Weapons
 a - a +1 war axe (weapon)
Armour
 b - a +0 scale mail
 c - a +0 buckler (worn)
 h - a +1 chain mail (worn)
 m - a +0 cloak (worn)
Wands
 j - a wand of flame (16)
Scrolls
 n - a scroll of immolation {unknown}
 p - a scroll of enchant weapon
Potions
 d - a potion of attraction
 f - a potion of brilliance
 g - 4 potions of degeneration
 i - a potion of lignification
 k - a potion of mutation
 l - a potion of might
 o - a potion of curing {unknown}


   Skills:
 + Level 7.2 Fighting
 + Level 7.3 Axes
 + Level 6.6 Armour
 + Level 6.6 Shields


You had 7 spell levels left.
You didn't know any spells.
Your spell library contained the following spells:

 Spells                   Type           Power      Damage    Failure   Level
 Apportation              Tloc           0%         N/A       97%         1
 Magic Dart               Conj           0%         1d3       97%         1
 Necrotise                Necr           0%         1d4       97%         1
 Sting                    Tmut/Pois      0%         1d3       97%         1
 Summon Small Mammal      Summ           0%         N/A       97%         1
 Call Imp                 Summ           0%         N/A       99%         2
 Poisonous Vapours        Pois/Air       0%         N/A       99%         2
 Static Discharge         Conj/Air       0%         3-3/arc   99%         2
 Call Canine Familiar     Summ           0%         N/A       100%        3
 Mephitic Cloud           Conj/Pois/Air  0%         N/A       100%        3
 Summon Guardian Golem    Hex/Summ       0%         N/A       100%        3
 Olgreb's Toxic Radiance  Pois           0%         N/A       100%        4
 Freezing Cloud           Conj/Ice/Air   0%         6-21      100%        5
 Maxwell's Capacitive Co  Air            0%         ∞         100%        8


Dungeon Overview and Level Annotations

Branches:
Dungeon (6/15)             Temple (1/1) D:4

Altars:
Ashenzari
Dithmenos
Elyvilon
Fedhas
Gozag
Hepliaklqana
Kikubaaqudgha
Makhleb
Nemelex Xobeh
Okawaru
Qazlal
Ru
Trog
Uskayaw
Vehumet
Wu Jian
Xom
Yredelemnul
Zin
The Shining One
Beogh

Shops:
D:5 (

Annotations:
D:4 Menkaure
D:5 3 runed translucent doors, Cadnt's ghost, novice MiHu


Message History

The bullfrog is heavily wounded.
The bullfrog completely misses you.
The orc priest looks satisfied for a moment.
The bullfrog hits you but does no damage.
You hear a shout!
You hit the bullfrog.
The bullfrog is heavily wounded.
The bullfrog barely misses you. x2
You closely miss the bullfrog.
The bullfrog is heavily wounded.
The bullfrog hits you but does no damage.
You slash the bullfrog!
The bullfrog is almost dead.
You block the bullfrog's attack. x2
The orc priest calls down the wrath of Beogh upon you.
Beogh smites you!
* * * LOW HITPOINT WARNING * * *
You hit the bullfrog but do no damage.
The bullfrog is almost dead.
The bullfrog hits you.
* * * LOW HITPOINT WARNING * * *
The bullfrog hits you but does no damage.
Okay, then.
You feel very mighty all of a sudden.
The bullfrog hits you but does no damage.
Unknown command.
You slice the bullfrog!!
You kill the bullfrog!
Deactivating autopickup; reactivate with Ctrl-A.
You closely miss something.
You hear some strange, mumbled words.
A puff of flame appears from out of thin air!
The puff of flame hits you.
* * * LOW HITPOINT WARNING * * *
The orc priest mumbles some strange prayers to Beogh against you.
Beogh smites you!
* * * LOW HITPOINT WARNING * * *
You barely miss something. Something hits you.
You die...
Your body crumbles into a pile of gold.

##### # ##...## ##
##.....###. ..
#.......#..
....#####
#(......#..
....oo{.##
#.......#.. #@.#
##.....###. ##.##
#.......###
#..####.......#..
##...#........#..
###...#.........
###...#....##.##
....#.....###.##
.........#.####.#.
............##..[..


You could see an orc priest and an orc.

Vanquished Creatures
  3 water moccasins
  An ice beast (D:6)
  An ogre (D:5)
  A phantom (D:5)
  3 bullfrogs
  A scorpion (D:6)
  A hound (D:5)
  2 sleepcaps
  Crazy Yiuf (D:3)
  3 orc priests
  Jessica (D:2)
  Ijyb (D:3)
  Terence (D:2)
  3 iguanas (D:6)
  4 orc wizards
  3 gnolls
  2 adders (D:4)
  2 ufetubi (D:6)
  3 worms
  17 orcs
  7 endoplasms
  6 goblins
  7 hobgoblins
  5 jackals
  8 kobolds
  4 quokkas
  8 ball pythons
  6 bats
  4 frilled lizards
  3 rats (D:3)
112 creatures vanquished.

Notes
Turn   | Place    | Note
-------+----------+-------------------------------------------
     0 | D:1      | p00ps00p the Hill Orc Fighter began the quest for the Orb.
     0 | D:1      | Reached XP level 1. HP: 19/19 MP: 1/1
   144 | D:1      | Reached XP level 2. HP: 24/27 MP: 2/2
   831 | D:2      | Noticed Terence
   838 | D:2      | Killed Terence
   839 | D:2      | Reached XP level 3. HP: 19/33 MP: 3/3
  1369 | D:1      | Reached XP level 4. HP: 30/40 MP: 4/4
  2034 | D:2      | Noticed Jessica
  2045 | D:2      | Killed Jessica
  2046 | D:2      | Reached XP level 5. HP: 25/47 MP: 5/5
  2236 | D:3      | Found a faded altar of an unknown god.
  2373 | D:3      | Noticed Ijyb
  2381 | D:3      | Killed Ijyb
  2458 | D:3      | Reached skill level 5 in Fighting
  2458 | D:3      | Reached XP level 6. HP: 30/56 MP: 6/6
  3014 | D:3      | Found a runed translucent door.
  3015 | D:3      | Noticed Crazy Yiuf
  3331 | D:3      | Killed Crazy Yiuf
  3544 | D:4      | Found a staircase to the Ecumenical Temple.
  3570 | Temple   | Entered the Ecumenical Temple
  3597 | Temple   | Became a worshipper of Gozag Ym Sagoz the Greedy
  3719 | D:4      | Found a sparkling altar of Nemelex Xobeh.
  3757 | D:4      | Reached skill level 5 in Axes
  3866 | D:4      | Noticed Menkaure
  3875 | D:5      | Identified the "Lacvadwy"
  3875 | D:5      | Entered Level 5 of the Dungeon
  4379 | D:5      | Found an ancient bone altar of Kikubaaqudgha.
  4380 | D:5      | Found a sacrificial altar of Ru.
  4423 | D:5      | Reached skill level 5 in Armour
  4474 | D:5      | Reached skill level 5 in Shields
  4488 | D:5      | Identified the +1 dagger "Vepsewee" {pain, rF- rCorr Str+5}
  4583 | D:4      | Identified the +3 whip of the Neverending Songs {drain,
                  | Int+5}
  4823 | D:5      | Found a runed translucent gate.
  4823 | D:5      | Found a runed translucent gate.
  4825 | D:5      | Found a runed translucent gate.
  4830 | D:5      | Noticed Cadnt's ghost (novice MiHu)
  4832 | D:5      | Found a roughly hewn altar of Beogh.
  4832 | D:5      | Identified the +2 whip "Oputykh" {pain, rElec rC+}
  5022 | D:5      | Reached XP level 7. HP: 55/61 MP: 7/7
  5061 | D:5      | Found Afeischu's Antique Weapon Emporium.
  5296 | D:5      | Found a shimmering altar of Xom.
  5298 | D:5      | Found a radiant altar of Vehumet.
  5298 | D:5      | Found a glowing silver altar of Zin.
  5300 | D:5      | Found an ornate altar of the Wu Jian Council.
  5300 | D:5      | Found a radiant altar of Vehumet.
  5300 | D:5      | Found a shadowy altar of Dithmenos.
  5576 | D:5      | Found a basalt altar of Yredelemnul.
  5576 | D:5      | Found a stormy altar of Qazlal.
  5727 | D:6      | HP: 1/63 [water moccasin (4)]
  6037 | D:5      | Reached XP level 8. HP: 34/71 MP: 8/8
  6615 | D:6      | Found an iron altar of Okawaru.
  6765 | D:6      | HP: 1/73 [orc priest/divine providence (11)]
  6766 | D:6      | Slain by an orc wizard

Illustrated notes

Levels and vault maps discovered:
D:1:      minmay_arrival_cross, layout_basic
D:2:      layout_rooms, uniq_jessica, uniq_terence
D:3:      layout_loops_ring, shapermc_ecumenical_altar_gd, nrook_mini_vaults,
          uniq_crazy_yiuf_cottage, uniq_ijyb
D:4:      layout_gridville, nemelex_spade_bored_becter,
          minmay_temple_entry_large_hall, kennysheep_nub,
          corexii_hall_statues_i, grunt_ministairs_10, uniq_menkaure
D:5:      layout_loops_cross, doesnt_xom_only_xom,
          gammafunk_temple_overflow_pools, minitemple,
          biasface_ghost_orc_armoury, chequers_garden,
          minmay_misc_feat_four_crosses, nicolae_take_the_stairs
D:6:      layout_rooms, nicolae_dithmenos_shadow_blocks,
          mainiacjoe_overflow_tiny_flanked, serial_shops, nicolae_shop_crystal
Temple:   nicolae_temple_hex_pool

Skill      XL: |  1  2  3  4  5  6  7  8 |
---------------+-------------------------+-----
Axes           | 3 4 5 6 7 |  7.3
Fighting       | 4 5 6 7 |  7.2
Armour         | 4 5 6 |  6.6
Shields        | 4 5 6 |  6.6

Action                     |  1- 3 |  4- 6 |  7- 9 || total
---------------------------+-------+-------+-------++-------
  Melee: War axe           |    77 |   195 |   105 ||   377
    Use: Potion            |       |     1 |     5 ||     6
         Scroll            |       |     5 |     9 ||    14
 Armour: Scale mail        |    42 |       |       ||    42
         Chain mail        |    52 |   154 |   152 ||   358
  Dodge: Dodged            |    60 |    70 |    54 ||   184
  Block: Buckler           |    17 |    48 |    27 ||    92

Table legend: (Time is in decaauts)
 A = Elapsed time spent in this place.
 B = Non-inter-level travel time spent in this place.
 C = Inter-level travel time spent in this place.
 D = Time resting spent in this place.
 E = Time spent auto-exploring this place.
 F = Levels seen in this place.
 G = Mean time per level.
                   A        B        C        D        E       F      G
               +--------+--------+--------+--------+--------+-----+--------+
         Total |   6886 |   6603 |    283 |   1937 |   3656 |   7 |  983.7 |
       Dungeon |   6836 |   6595 |    241 |   1937 |   3656 |   6 | 1139.3 |
        Temple |     49 |      7 |     42 |      0 |      0 |   1 |   49.0 |
               +--------+--------+--------+--------+--------+-----+--------+

Top non-repeatable levels by time:
     D:5: 2334 daAuts
     D:1: 1684 daAuts
     D:3: 1181 daAuts
     D:4: 728 daAuts
     D:2: 588 daAuts
     D:6: 318 daAuts
  Temple: 49 daAuts
